cohdb
Replays
Latest Replays
All Replays
Popular Replays
Top Player Replays
Match Explorer
How It Works
Community
CoH3 Stats
Reddit
Sign in to upload your games and track your stats! →
Sign in with Steam
Match 43529383
Unlisted
Match 43529383
Overview
Messages
Build Orders
End
Vickers Machine Gun Team
Construct Section Command Post
Selects Canadian Shock Battlegroup
Selects Canadian Shock Battlegroup
Dingo Light Scout Car
Infantry Section
Infantry Section
Construct Platoon Command Post
Humber Armored Car
Humber Armored Car
Royal Engineer Section
Selects Attacking Spirit
Selects Canadian Shock Section
6-pounder Anti-tank Gun Team
Selects Incendiary Munitions
Grenade Package
Selects Pyrotechnics
Construct Company Command Post
Crusader II Medium Tank
Construct Field Infirmary
Crusader II Medium Tank
Crusader II Medium Tank
Crusader II Medium Tank
Selects Churchill Crocodile Heavy Tank
Infantry Section
Churchill Crocodile Heavy Tank
Matilda II Heavy Tank
Infantry Training
Matilda II Heavy Tank
Selects Smoke Operation
Armored Vehicle Training
Smoke Operation
Matilda II Heavy Tank
Smoke Operation
Royal Engineer Section
lost a panther
Tirant
Dark Angels
Tharrats
[82AD] PaulVmax
Valieriumborn
raven182
Jimm-e
0
0
Comments
sign in to comment!
No comments posted yet!